 Dungeon Crawl Stone Soup version 0.22.1-2-g9c5b331 (webtiles) character file.

44 video the Magician (level 3, -2/21 HPs)
             Began as a Tengu Warper on Nov 19, 2018.
             Killed from afar by an orc wizard (6 damage)
             ... with a magic dart
             ... on level 3 of the Dungeon.
             The game lasted 00:06:36 (1323 turns).

video the Magician (Tengu Warper)                   Turns: 1323, Time: 00:06:37

Health: -2/21      AC:  5    Str: 11    XL:     3   Next: 60%
Magic:  8/8        EV: 12    Int: 14    God:
Gold:   33         SH:  0    Dex: 13    Spells: 5/7 levels left

rFire    . . .     SeeInvis .     - Unarmed
rCold    . . .     Gourm    .   (no shield)
rNeg     . . .     Faith    .   a - +0 leather armour
rPois    .         Spirit   .   l - +2 hat
rElec    .         Reflect  .   (no cloak)
rCorr    .         Harm     .   (no gloves)
MR       .....                  (boots unavailable)
Stlth    +.........             (no amulet)
HPRegen  0.07/turn              (no ring)
MPRegen  0.11/turn              (no ring)

@: very slightly contaminated, slowed, very slow
A: beak, talons 3
a: no special abilities


You were on level 3 of the Dungeon.
You were hungry.

You visited 1 branch of the dungeon, and saw 3 of its levels.

You collected 33 gold pieces.

Inventory:

Hand Weapons
 j - a +0 dagger
Missiles
 d - 5 tomahawks of dispersal (quivered)
Armour
 a - a +0 leather armour (worn)
 l - a +2 hat (worn)
Jewellery
 b - an uncursed amulet of harm {unknown}
 g - an uncursed amulet of guardian spirit {unknown}
 h - an uncursed amulet of rage {unknown}
 n - an uncursed ring of protection from fire {unknown}
Scrolls
 c - a scroll of blinking
 e - a scroll of teleportation {unknown}
 o - a scroll of magic mapping {unknown}
Potions
 i - a potion of flight {unknown}
 k - a potion of resistance {unknown}
Comestibles
 f - 2 rations


   Skills:
 + Level 2.2 Fighting
 + Level 1.0 Throwing
 + Level 1.3 Armour
 + Level 2.5 Dodging
 + Level 0.2 Stealth
 + Level 2.6 Unarmed Combat
 * Level 2.7 Spellcasting
 + Level 2.5 Translocations


You had 5 spell levels left.
You knew the following spells:

 Your Spells              Type           Power        Failure   Level  Hunger
a - Blink                 Tloc           N/A          16%         2    ###....

Your spell library contained the following spells:

 Spells                   Type           Power        Failure   Level  Hunger
 Shroud of Golubria       Chrm/Tloc      #.........   26%         2    ###....
 Gell's Gravitas          Tloc           #.........   30%         3    ###....
 Lesser Beckoning         Tloc           #.........   30%         3    ###....
 Teleport Other           Tloc           #.......     30%         3    ###....
 Passage of Golubria      Tloc           N/A          71%         4    #####..


Dungeon Overview and Level Annotations

Branches:
Dungeon (3/15)

Altars:


Innate Abilities, Weirdness & Mutations

You have a beak for a mouth.
You have claws for feet.


Message History

You feel yourself slow down.
You closely miss the orc wizard.
The orc wizard is moderately wounded.
The orc wizard closely misses you.
An orc comes into view. It is wielding a hand axe.
The orc wizard gestures at you while chanting.
The magic dart hits you!
* * * LOW HITPOINT WARNING * * *
Blink to where?
Press: ? - help, Dir - move target cursor You are very lightly contaminated with residual magic.
As you read the scroll of blinking, it crumbles to dust.
Found 16 arrows.
The orc wizard gestures wildly while chanting.
The orc wizard blinks!
The orc wizard casts a spell at you.
You feel as though you will be slow longer.
The orc wizard points at you and mumbles some strange words.
The magic dart hits you!
You die...

.. ####. ...... ....
###.#.....# ...#
....#...... ## ...# .
..... .... ...####
###...###.#.#####......$
. ..............@(......
# #.#.###.#......###....
###.#<###.#......# .
...o.).§............
....#..##.#......####
....#..##.#.o....#
..†.#...#.#.###.##
....#.#.#.#. ...
......#..$#. ..


You could see an orc wizard.

Vanquished Creatures
  An adder (D:3)
  A dart slug (D:2)
  2 orcs (D:3)
  2 giant cockroaches
  3 goblins (D:1)
  4 hobgoblins
  3 kobolds (D:1)
  7 bats
  5 frilled lizards
  3 rats
31 creatures vanquished.

Notes
Turn   | Place    | Note
-------+----------+-------------------------------------------
     0 | D:1      | video the Tengu Warper began the quest for the Orb.
     0 | D:1      | Reached XP level 1. HP: 12/12 MP: 4/4
   191 | D:1      | Reached XP level 2. HP: 16/17 MP: 6/6
   614 | D:1      | Learned a level 2 spell: Blink
  1067 | D:2      | Reached XP level 3. HP: 18/21 MP: 7/7
  1323 | D:3      | Killed from afar by an orc wizard

Action                   || total
-------------------------++-------
Melee: Unarmed           ||    89
       Kick              ||    11
       Peck              ||     4
 Cast: Blink             ||     3
  Use: Scroll            ||     1
  Eat: Chunk             ||     1
Armor: Leather armour    ||    26
Dodge: Dodged            ||    62
